 Dungeon Crawl Stone Soup version 0.24.0-123-gd5b16e6ec5 (webtiles) character file.

Game seed: 15810776558741003245, levelgen mode: deterministic

25331 Curus the Cruncher (level 12, -4/113 HPs)
             Began as a Minotaur Gladiator on Jan 11, 2020.
             Was the Champion of Okawaru.
             Slain by a komodo dragon (21 damage)
             ... on level 6 of the Lair of Beasts.
             The game lasted 00:49:15 (14970 turns).

Curus the Cruncher (Minotaur Gladiator)            Turns: 14970, Time: 00:49:16

Health: -4/113     AC: 22    Str: 21    XL:     12   Next: 88%
Magic:  16/16      EV: 11    Int: 14    God:    Okawaru [******]
Gold:   807        SH:  0    Dex: 17    Spells: 11/11 levels left

rFire    + + .     SeeInvis .   a - +1 quarterstaff (crush)
rCold    . . .     Gourm    +   (shield currently unavailable)
rNeg     . . .     Faith    .   D - +3 chain mail {rF+}
rPois    +         Spirit   .   c - +2 hat
rElec    .         Reflect  .   (no cloak)
rCorr    +         Harm     .   u - +2 pair of gloves of the Thistle {-Cast Int+5}
MR       .....     NoCast   +   B - +0 pair of boots "Duuh" {rF+ rCorr Int+2} (curse)
Stlth    ..........             k - amulet of the gourmand
HPRegen  0.28/turn              m - +4 ring of dexterity
MPRegen  0.15/turn              z - ring of flight

@: no status effects
A: retaliatory headbutt, horns 2, poison resistance, sturdy frame 1
a: Heroism, Finesse, Renounce Religion, Evoke Flight


You were on level 6 of the Lair of Beasts.
You worshipped Okawaru.
Okawaru was exalted by your worship.
You were not hungry.

You visited 3 branches of the dungeon, and saw 15 of its levels.

You collected 807 gold pieces.

Inventory:

Hand Weapons
 a - a +1 quarterstaff of crushing (weapon)
 r - a +4 dire flail of freezing
Missiles
 d - 3 throwing nets (quivered)
Armour
 b - a +0 leather armour
 c - a +2 hat (worn)
 e - a +0 ring mail
 h - a +0 chain mail
 u - the +2 pair of gloves of the Thistle (worn) {-Cast Int+5}
   (You acquired it on level 7 of the Dungeon)

   It affects your intelligence (+5).
   It prevents spellcasting.
 x - a +1 pair of boots
 B - the cursed +0 pair of boots "Duuh" (worn) {rF+ rCorr Int+2}
   (You found it on level 6 of the Lair of Beasts)

   It affects your intelligence (+2).
   It protects you from fire.
   It provides partial protection from all sources of acid and corrosion.
   It has a curse placed upon it.
 C - a +1 pair of boots
 D - a +3 chain mail of fire resistance (worn)
Jewellery
 k - an amulet of the gourmand (around neck)
 m - a +4 ring of dexterity (left hand)
 w - an uncursed ring of poison resistance
 z - a ring of flight (right hand)
Wands
 n - a wand of enslavement (14)
 o - a wand of iceblast (4)
 p - a wand of acid (3)
 q - a wand of flame (10)
 s - a wand of digging (2)
 t - a wand of disintegration (6)
 F - a wand of polymorph (4)
Scrolls
 g - 13 scrolls of identify
 i - 3 scrolls of magic mapping
 l - 4 scrolls of teleportation
 v - 2 scrolls of fog
 y - 3 scrolls of remove curse
 A - a scroll of amnesia
Potions
 j - 2 potions of curing
 E - 2 potions of agility
Comestibles
 f - 20 rations


   Skills:
 + Level 12.3 Fighting
 - Level 14.3 Staves
 - Level 2.0 Throwing
 + Level 12.1 Armour
 - Level 3.2 Dodging
 - Level 7.8 Invocations
 - Level 7.1 Evocations


You had 11 spell levels left.
You didn't know any spells.
Your spell library contained the following spells:

 Spells                   Type           Power        Failure   Level  Hunger
 Animate Skeleton         Necr           N/A          71%         1    ##.....
 Apportation              Tloc           #.....       71%         1    ##.....
 Confusing Touch          Hex            #.....       71%         1    ##.....
 Infusion                 Chrm           #...         71%         1    ##.....
 Pain                     Necr           #...         71%         1    ##.....
 Summon Small Mammal      Summ           #...         71%         1    ##.....
 Call Imp                 Summ           #.......     85%         2    ###....
 Shroud of Golubria       Chrm/Tloc      #.....       85%         2    ###....
 Song of Slaying          Chrm           #.......     85%         2    ###....
 Call Canine Familiar     Summ           #.......     97%         3    ####...
 Regeneration             Chrm/Necr      #.........   97%         3    ####...
 Spectral Weapon          Hex/Chrm       #.......     97%         3    ####...
 Summon Guardian Golem    Hex/Summ       #.......     97%         3    ####...
 Vampiric Draining        Necr           #.........   97%         3    ####...
 Animate Dead             Necr           N/A          100%        4    #####..
 Summon Ice Beast         Ice/Summ       #.......     100%        4    #####..
 Summon Lightning Spire   Summ/Air       #.......     100%        4    #####..


Dungeon Overview and Level Annotations

Branches:
Dungeon (8/15)             Temple (1/1) D:6            Lair (6/6) D:8
 Shoals (0/4) Lair:4       Spider (0/4) Lair:2        Slime (0/5) Lair:5

Altars:
Ashenzari
Cheibriados
Dithmenos
Elyvilon
Fedhas
Gozag
Hepliaklqana
Kikubaaqudgha
Nemelex Xobeh
Okawaru
Qazlal
Ru
Trog
Vehumet
Wu Jian
Xom
Yredelemnul
Zin
Jiyva

Annotations:
D:7 Joseph


Innate Abilities, Weirdness & Mutations

You reflexively headbutt those who attack you in melee.
You have a pair of horns on your head.
Your system is resistant to poisons. (rPois)
Your movements are slightly less encumbered by armour. (ER -2)


Message History

The wolf is heavily wounded.
The wolf bites you but does no damage.
Your chain mail prevents you from hitting the wolf.
You headbutt the wolf, but do no damage.
The wolf is heavily wounded.
The wolf misses you. You furiously retaliate!
You headbutt the wolf. You closely miss the wolf.
The wolf is severely wounded.
The wolf bites you but does no damage.
You barely miss the wolf. You headbutt the wolf.
The wolf is almost dead.
The komodo dragon bites you!
* * * LOW HITPOINT WARNING * * *
The wolf misses you.
Okay, then.
You completely miss the komodo dragon. The wolf completely misses you.
You hit the komodo dragon.
The komodo dragon is lightly wounded.
The komodo dragon bites you!!
You die...

♣♣ ♣ g.♣ ♣♣♣♣. ..♣
......### ...#♣.
.........#### #.F....
..........##@##....(..
.............hl†.......
...!....................
.........................
.........................
.............P#......#.P.
............###.P..##.#..
.............###P.P.#..P.
.............#..P.......


You could see a komodo dragon and a wolf.

Vanquished Creatures
  4 hydras
  Erica (Lair:2)
  5 death yaks (Lair:3)
  Nergalle (Lair:2)
  An ugly thing (D:7)
  A merfolk siren (Lair:4)
  A black mamba (Lair:2)
  An elephant (Lair:1)
  9 spiny frogs
  2 rime drakes
  2 komodo dragons
  A polar bear (Lair:5)
  A merfolk (Lair:4)
  7 dream sheep
  6 blink frogs
  3 hippogriffs
  A spriggan (Lair:6)
  2 redbacks (Lair:2)
  18 yaks
  A wyvern (Lair:6)
  5 basilisks (Lair:5)
  A hungry ghost (D:8)
  13 water moccasins
  3 porcupines
  A black bear (Lair:6)
  2 ice beasts
  A sky beast (D:7)
  9 wolves
  A necrophage (D:8)
  2 ogres
  3 centaurs
  A boggart (Lair:6)
  9 crocodiles
  6 bullfrogs
  A scorpion (D:4)
  11 wights
  4 electric eels (Lair:4)
  6 crimson imps
  A quasit (D:8)
  A jelly (D:5)
  4 orc wizards
  4 orc priests
  2 iguanas
  3 hell rats
  4 worker ants
  A hound skeleton (D:4)
  6 gnolls
  2 river rats (D:6)
  15 adders
  An ooze (D:1)
  An adder zombie (D:5)
  4 adder skeletons
  8 worms
  A dart slug (D:2)
  2 leopard geckos
  24 orcs
  10 bats
  4 giant cockroaches
  6 goblins
  5 hobgoblins
  6 jackals
  4 quokkas
  2 frilled lizards
  8 kobolds
  A quokka skeleton (D:6)
  8 rats
285 creatures vanquished.

Vanquished Creatures (others)
  2 bushes (Lair:3)
  3 fungi
  4 plants
9 creatures vanquished.

Grand Total: 294 creatures vanquished

Notes
Turn   | Place    | Note
-------+----------+-------------------------------------------
     0 | D:1      | Curus the Minotaur Gladiator began the quest for the Orb.
     0 | D:1      | Reached XP level 1. HP: 18/18 MP: 0/0
    17 | D:1      | Reached skill level 4 in Staves
    42 | D:1      | Reached XP level 2. HP: 25/25 MP: 1/1
    44 | D:1      | Gained mutation: Your system is resistant to poisons.
                  | (rPois) [potion of mutation]
    44 | D:1      | Gained mutation: Your movements are slightly less
                  | encumbered by armour. (ER -2) [potion of mutation]
   217 | D:1      | Reached skill level 5 in Staves
   292 | D:1      | You fall into a shaft and drop 1 floor!
   320 | D:2      | Reached XP level 3. HP: 26/30 MP: 2/2
   820 | D:2      | Noticed an ice beast
   831 | D:2      | Killed an ice beast
   831 | D:2      | Reached skill level 7 in Staves
   831 | D:2      | Reached XP level 4. HP: 18/37 MP: 3/3
   831 | D:2      | Reached XP level 5. HP: 20/42 MP: 4/4
  1691 | D:3      | Found a snail-covered altar of Cheibriados.
  2458 | D:4      | Found a white marble altar of Elyvilon.
  2461 | D:4      | Noticed an ogre
  2470 | D:4      | Killed an ogre
  2470 | D:4      | Reached skill level 8 in Staves
  2470 | D:4      | Reached XP level 6. HP: 10/50 MP: 5/5
  2811 | D:4      | Found an ornate altar of the Wu Jian Council.
  2811 | D:4      | Found an ancient bone altar of Kikubaaqudgha.
  2811 | D:4      | Found a sparkling altar of Nemelex Xobeh.
  2811 | D:4      | Found a shattered altar of Ashenzari.
  2825 | D:4      | Reached skill level 9 in Staves
  3018 | D:4      | Found a basalt altar of Yredelemnul.
  3018 | D:4      | Found a sacrificial altar of Ru.
  3166 | D:4      | Reached XP level 7. HP: 47/56 MP: 6/6
  3409 | D:5      | Entered Level 5 of the Dungeon
  3432 | D:5      | Noticed a fire elemental
  3434 | D:5      | Found a stormy altar of Qazlal.
  3435 | D:5      | Noticed a water elemental
  3435 | D:5      | Noticed an air elemental
  3483 | D:5      | Reached skill level 10 in Staves
  4192 | D:5      | Found a shadowy altar of Dithmenos.
  4392 | D:5      | Reached skill level 11 in Staves
  4502 | D:6      | Reached XP level 8. HP: 26/62 MP: 7/7
  4841 | D:6      | Reached skill level 12 in Staves
  5430 | D:6      | Reached skill level 13 in Staves
  5658 | D:6      | Found a staircase to the Ecumenical Temple.
  5664 | Temple   | Entered the Ecumenical Temple
  5674 | Temple   | Became a worshipper of Warmaster Okawaru
  5900 | D:7      | Identified a scroll of acquirement
  5901 | D:7      | Got a pair of jewelled gloves
  5907 | D:7      | Identified the +2 pair of gloves of the Thistle {-Cast
                  | Int+5} (You acquired it on level 7 of the Dungeon)
  5947 | D:7      | Noticed a red ugly thing
  5958 | D:7      | Killed a red ugly thing
  5958 | D:7      | Reached skill level 14 in Staves
  5958 | D:7      | Reached XP level 9. HP: 17/68 MP: 8/8
  6399 | D:7      | Noticed Joseph
  6430 | D:7      | Reached skill level 1 in Armour
  6874 | D:8      | Found a staircase to the Lair.
  6883 | Lair:1   | Entered Level 1 of the Lair of Beasts
  6898 | Lair:1   | Noticed a spiny frog
  6906 | Lair:1   | Killed a spiny frog
  6906 | Lair:1   | Reached * piety under Okawaru
  6906 | Lair:1   | Reached skill level 1 in Evocations
  7091 | Lair:1   | Noticed a spiny frog
  7097 | Lair:1   | Killed a spiny frog
  7155 | Lair:1   | Noticed an elephant
  7164 | Lair:1   | Killed an elephant
  7164 | Lair:1   | Reached ** piety under Okawaru
  7164 | Lair:1   | Reached XP level 10. HP: 42/77 MP: 12/12
  7366 | Lair:1   | Noticed a five-headed hydra
  7366 | Lair:1   | Noticed a spiny frog
  7373 | Lair:1   | Killed a five-headed hydra
  7373 | Lair:1   | Reached skill level 5 in Invocations
  7376 | Lair:1   | Reached skill level 5 in Evocations
  7380 | Lair:1   | Killed a spiny frog
  7380 | Lair:1   | Reached *** piety under Okawaru
  8154 | Lair:2   | Reached **** piety under Okawaru
  8171 | Lair:2   | You fall into a shaft and drop 2 floors!
  8293 | Lair:4   | Noticed a spiny frog
  8302 | Lair:4   | Killed a spiny frog
  8381 | Lair:4   | Reached XP level 11. HP: 23/84 MP: 13/15
  8534 | Lair:4   | Noticed a five-headed hydra
  8542 | Lair:4   | Killed a five-headed hydra
  8542 | Lair:4   | Reached skill level 5 in Fighting
  8611 | Lair:4   | Reached ***** piety under Okawaru
  8939 | Lair:3   | Reached skill level 5 in Armour
  9288 | Lair:3   | Noticed a six-headed hydra
  9297 | Lair:3   | Killed a six-headed hydra
  9480 | Lair:3   | Received a gift from Okawaru
  9854 | Lair:2   | Noticed Erica
  9879 | Lair:2   | Killed Erica
 10439 | Lair:2   | Noticed Nergalle
 10459 | Lair:2   | Killed Nergalle
 10568 | Lair:2   | Received a gift from Okawaru
 10618 | Lair:2   | Found a hole to the Spider Nest.
 11604 | Lair:3   | Noticed a death yak
 11630 | Lair:3   | Noticed a death yak
 11631 | Lair:3   | Noticed a death yak
 11631 | Lair:3   | Noticed a death yak
 11632 | Lair:3   | Noticed a death yak
 11648 | Lair:3   | Killed a death yak
 11662 | Lair:3   | Killed a death yak
 11662 | Lair:3   | Reached XP level 12. HP: 56/105 MP: 16/16
 11670 | Lair:3   | Killed a death yak
 11677 | Lair:3   | Killed a death yak
 11677 | Lair:3   | Reached skill level 10 in Fighting
 11686 | Lair:3   | Killed a death yak
 12122 | Lair:3   | Reached skill level 10 in Armour
 13330 | Lair:4   | Found a staircase to the Shoals.
 13797 | Lair:5   | Found a viscous altar of Jiyva.
 13798 | Lair:5   | Found a staircase to the Slime Pits.
 14808 | Lair:6   | Entered Level 6 of the Lair of Beasts
 14878 | Lair:6   | Got a pair of encrusted boots
 14918 | Lair:6   | Identified the cursed +0 pair of boots "Duuh" {rF+ rCorr
                  | Int+2} (You found it on level 6 of the Lair of Beasts)
 14923 | Lair:6   | Noticed an eight-headed hydra
 14930 | Lair:6   | Killed an eight-headed hydra
 14930 | Lair:6   | Reached ****** piety under Okawaru
 14959 | Lair:6   | Received a gift from Okawaru
 14970 | Lair:6   | Slain by a komodo dragon

Levels and vault maps discovered:
D:1:      dpeg_arrival_tiny_j, layout_loops_ring, minmay_heptomino_d4
D:2:      layout_basic, nicolae_overflow_hidden_temple,
          wad_floor_pattern_untrapped
D:3:      layout_basic, cheibriados_altar_1
D:4:      layout_loops_ring, minmay_overflow_temple_hex, elyvilon_altar_5
D:5:      cheibrodos_helix_gallery, layout_gridville,
          nicolae_qazlal_style_of_elements, first_ration,
          nicolae_dithmenos_the_darkroom
D:6:      layout_cave_pools, minmay_temple_entry_enclosed_plants,
          lightli_sewer_entry_pipes
D:7:      layout_loops_cross, uniq_joseph
D:8:      layout_loops_corners, lemuel_doored_altar, lair_entry_dummy
Temple:   nicolae_temple_x_marks_the_god
Lair:1:   layout_long_grid, minmay_shattered_shrine, lemuel_fruit_fields
Lair:2:   layout_small_grid, spider_nest_entry_webs, serial_forest,
          infiniplex_forest_end_1, infiniplex_forest_clump_tiny,
          infiniplex_forest_lined_corner, infiniplex_forest_corner_1,
          infiniplex_forest_clump_medium, infiniplex_forest_3_way,
          infiniplex_forest_straight_3, infiniplex_staircase_pool, uniq_erica,
          uniq_nergalle
Lair:3:   layout_layer_cave
Lair:4:   layout_regular_city, elwin_shoals_entry_rooms,
          nicolae_volcano_entry_hallway, serial_bayou_shore_a
Lair:5:   statuecave_lemuel, layout_regular_city, slime_altar_1,
          kennysheep_basilisk_garden, lemuel_fruit_fields
Lair:6:   minmay_lair_end_enchanted_forest, layout_small_grid,
          grunt_megastairs_5, uniq_nessos

Skill      XL: |  1  2  3  4  5  6  7  8  9 10 11 12 |
---------------+-------------------------------------+-----
Staves         | 4 5 7 8 9 11 14 | 14.3
Armour         | 3 9 12 | 12.1
Fighting       | 4 9 12 | 12.3
Invocations    | 4 7 |  7.8
Evocations     | 4 7 |  7.1
Throwing       | |  2.0
Dodging        | |  3.2

Action                   |  1- 3 |  4- 6 |  7- 9 | 10-12 || total
-------------------------+-------+-------+-------+-------++-------
Melee: Quarterstaff      |    73 |   107 |   217 |   460 ||   857
       Headbutt          |    13 |    13 |    43 |   149 ||   218
       Dire flail        |       |       |   100 |   140 ||   240
Throw: Throwing net      |       |     1 |     2 |       ||     3
Invok: Heroism           |       |       |       |     7 ||     7
Evoke: Wand              |       |       |     1 |    10 ||    11
  Use: Potion            |     5 |     1 |     4 |     9 ||    19
       Scroll            |     3 |     3 |     8 |     6 ||    20
 Stab: Held in net/web   |       |       |     2 |       ||     2
  Eat: Chunk             |       |     8 |    14 |    24 ||    46
       Ration            |       |       |       |     1 ||     1
Armor: Leather armour    |     7 |       |       |       ||     7
       Ring mail         |    13 |    21 |    41 |       ||    75
       Chain mail        |       |       |    48 |   347 ||   395
Dodge: Dodged            |    53 |    49 |   156 |   259 ||   517
